 Dungeon Crawl Stone Soup version 0.19.5 (webtiles) character file.

134 Chaoticas the Ruffian (level 4, 0/36 HPs)
             Began as a Draconian Transmuter on Apr 16, 2017.
             Slain by an orc wizard
             ... wielding a +0 dagger of protection
              (2 damage)
             ... on level 3 of the Dungeon.
             The game lasted 00:21:30 (4405 turns).

Chaoticas the Ruffian (Draconian Transmuter)        Turns: 4405, Time: 00:21:30

Health: 0/36       AC:  6    Str: 13    XL:     4   Next: 95%
Magic:  3/7        EV: 12    Int: 14    God:
Gold:   161        SH:  0    Dex: 11    Spells: 3 memorised, 1 level left

rFire  . . .     SeeInvis .       - Unarmed
rCold  . . .     Gourm    .     (armour unavailable)
rNeg   . . .     Faith    .     (no shield)
rPois  .         Spirit   .     (helmet restricted)
rElec  .         Reflect  .     j - +0 cloak
rCorr  .         Harm     .     (no gloves)
MR     .....                    (no boots)
Stlth  +.........               (no amulet)
                                (no ring)
                                (no ring)

@: no status effects
A: unfitting armour, cold-blooded, AC +5
a: no special abilities


You were on level 3 of the Dungeon.
You were hungry.

You visited 1 branch of the dungeon, and saw 3 of its levels.

You collected 161 gold pieces.

Inventory:

Missiles
 a - 17 arrows
 g - a throwing net (quivered)
Armour
 j - a +0 cloak (worn)
Magical Staves
 q - an uncursed staff of earth
Wands
 u - a wand of flame (17/48)
Scrolls
 e - 2 scrolls of identify
 h - a scroll of teleportation
 i - a scroll of noise {unknown}
 l - 2 scrolls of magic mapping {unknown}
 m - a scroll of blinking {unknown}
 n - a scroll of amnesia {unknown}
 p - a scroll of remove curse {unknown}
 s - 2 scrolls of fog {unknown}
 t - a scroll of recharging {unknown}
Potions
 d - a potion of curing {unknown}
 k - 3 potions of heal wounds {unknown}
 r - a potion of flight {unknown}
 v - 2 potions of agility {unknown}
 w - 2 potions of cancellation {unknown}
Books
 b - a book of Changes

   Spells                             Type                      Level
   a - Beastly Appendage              Transmutation                1
   b - Sticks to Snakes               Transmutation                2
   c - Spider Form                    Transmutation/Poison         3
   d - Ice Form                       Ice/Transmutation            4
   e - Blade Hands                    Transmutation                5
Comestibles
 c - 3 bread rations
 f - a meat ration
 o - 2 chunks of flesh


   Skills:
 + Level 2.0 Fighting
 + Level 2.4 Dodging
 * Level 3.9 Unarmed Combat
 - Level 2.3 Spellcasting
 + Level 2.5 Transmutations
 * Level 1.9 Poison Magic


You had one spell level left.
You knew the following spells:

 Your Spells              Type           Power        Failure   Level  Hunger
a - Beastly Appendage     Tmut           #.....       10%         1    #......
b - Sticks to Snakes      Tmut           #.......     14%         2    ###....
c - Spider Form           Tmut/Pois      #.........   30%         3    ###....


Dungeon Overview and Level Annotations

Branches:
Dungeon (3/15)

Altars:
Ashenzari
Fedhas
Ru
Sif Muna


Innate Abilities, Weirdness & Mutations

Your plain brown scales are hard. (AC +5)
You cannot fit into any form of body armour.
You are cold-blooded and may be slowed by cold attacks.


Message History

The orc wizard closely misses you. The orc closely misses you.
You hit the orc wizard but do no damage.
You punch the orc wizard.
The orc wizard is heavily wounded.
The orc wizard hits you but does no damage.
The orc closely misses you. The orc hits you but does no damage.
An orc comes into view. It is wielding a dagger.
You hit the orc wizard but do no damage.
The orc wizard is heavily wounded.
The orc wizard hits you but does no damage.
The orc priest looks satisfied for a moment.
The orc wizard barely misses you. The orc barely misses you. x2
You barely miss the orc wizard.
The orc wizard is heavily wounded.
The orc wizard hits you but does no damage.
The orc barely misses you. x2
You barely miss the orc wizard.
The orc wizard is heavily wounded.
The orc wizard hits you with a dagger of protection.
You die...

#.##...###.#...###
##...........#.##
#
##...#.#.)....###
# #..(...#.^....#
###
#......#......#
#..
#.....##......#
#.#
##..........###
#.# ##o#########
#.# #@# #.#
#o######### #.#
#o#.......# #.#
#####
#o#.###...######.#
....#
#o....o.#.....[..#
##..#
#.#.##oo).########
##..##########
#...o.....#
........÷#...#
###.#####.#
#........÷...#
#.......#


You could see an orc priest, an orc wizard and 3 orcs.

Vanquished Creatures
  2 adders
  3 dart slugs
  4 leopard geckos
  2 orcs (D:3)
  12 bats
  3 giant cockroaches
  10 goblins
  4 hobgoblins
  10 jackals
  2 quokkas (D:3)
  A ball python (D:1)
  12 kobolds
  5 rats
70 creatures vanquished.

Vanquished Creatures (collateral kills)
  Ijyb (D:3)
  An adder (D:2)
  3 goblins
  A frilled lizard (D:2)
6 creatures vanquished.

Grand Total: 76 creatures vanquished

Notes
Turn   | Place    | Note
-------+----------+-------------------------------------------
     0 | D:1      | Chaoticas the Draconian Transmuter began the quest for the Orb.
     0 | D:1      | Reached XP level 1. HP: 16/16 MP: 3/3
   309 | D:1      | Reached XP level 2. HP: 23/23 MP: 3/5
   316 | D:1      | Learned a level 2 spell: Sticks to Snakes
  1086 | D:2      | Reached XP level 3. HP: 24/28 MP: 4/6
  1091 | D:2      | Learned a level 3 spell: Spider Form
  1291 | D:2      | Found a shattered altar of Ashenzari.
  1829 | D:2      | Found a deep blue altar of Sif Muna.
  1960 | D:2      | HP: 1/28 [iguana (6)]
  2528 | D:3      | Reached skill level 1 in Poison Magic
  2530 | D:3      | Reached XP level 4. HP: 13/35 MP: 7/7
  2742 | D:3      | Noticed Ijyb
  2898 | D:3      | Found a sacrificial altar of Ru.
  3145 | D:3      | Killed Ijyb
  3506 | D:3      | Found a sacrificial altar of Ru.
  3542 | D:3      | Found a blossoming altar of Fedhas.
  4405 | D:3      | Slain by an orc wizard

Skill      XL: |  1  2  3  4 |
---------------+-------------+-----
Dodging        | 2 |  2.4
Poison Magic   | 1 |  1.9
Fighting       | 2 |  2.0
Unarmed Combat | |  3.9
Spellcasting   | |  2.3
Transmutations | |  2.5

Action                   |  1- 3 |  4- 6 || total
-------------------------+-------+-------++-------
Melee: Unarmed           |   178 |   166 ||   344
       Tailslap          |    16 |    12 ||    28
       Kick              |     2 |       ||     2
       Headbutt          |     3 |       ||     3
       Punch             |     2 |     1 ||     3
 Cast: Beastly Appendage |     5 |       ||     5
       Sticks to Snakes  |     5 |     9 ||    14
  Use: Scroll            |     3 |       ||     3
  Eat: Chunk             |     4 |     3 ||     7
       Fruit             |     2 |       ||     2
       Pizza             |       |     2 ||     2
Armor: Skin              |    65 |    95 ||   160
Dodge: Dodged            |   129 |   182 ||   311
